 Dungeon Crawl Stone Soup version 0.27-a0-1528-g90fbb72469 (webtiles) character file.

Game seed: 4534959720618942021

27 Conn the Firebug (level 3, 0/21 HPs)
             Began as an Octopode Fire Elementalist on July 11, 2021.
             Slain by a gnoll (14 damage)
             ... on level 1 of the Dungeon.
             The game lasted 00:02:44 (1167 turns).

Conn the Firebug (Octopode Fire Elementalist)       Turns: 1167, Time: 00:02:44

Health: 0/21       AC:  1    Str:  7    XL:     3   Next: 10%
Magic:  3/6        EV: 13    Int: 18    God:
Gold:   63         SH:  0    Dex: 12    Spells: 2/6 levels left

rFire    . . .     SeeInvis .   (no weapon)
rCold    . . .     Faith    .   (no shield)
rNeg     . . .     Spirit   .   (helmet restricted)
rPois    .         Reflect  .   g - amulet of regeneration
rElec    .         Harm     .   (no ring)
rCorr    .         Rampage  .   (no ring)
Will     .....                  (no ring)
Stlth    +++.......             (no ring)
HPRegen  1.07/turn              (no ring)
MPRegen  0.10/turn              (no ring)
                                (no ring)
                                (no ring)

@: brilliant
A: almost no armour, amphibious, 8 rings, camouflage 1, gelatinous body 1,
(nimble swimmer 1), tentacles
a: no special abilities


You were on level 1 of the Dungeon.
You visited 1 branch of the dungeon, and saw 2 of its levels.

You collected 63 gold pieces.

Inventory:

Jewellery
 g - an amulet of regeneration (around mantle)
Scrolls
 a - a scroll of noise {unknown}
 c - a scroll of teleportation {unknown}
 e - a scroll of fear {unknown}
Potions
 b - a potion of brilliance
 d - a potion of curing {unknown}
 f - a potion of might {unknown}


   Skills:
 + Level 2.1 Dodging
 + Level 3.0 Stealth
 + Level 2.2 Spellcasting
 * Level 1.1 Conjurations
 * Level 3.7 Fire Magic


You had 2 spell levels left.
You knew the following spells:

 Your Spells              Type           Power      Damage    Failure   Level
a - Foxfire               Conj/Fire      64%        2x1d7     7%          1
b - Conjure Flame         Conj/Fire      16%        6-21      21%         3

Your spell library contained the following spells:

 Spells                   Type           Power      Damage    Failure   Level
 Inner Flame              Hex/Fire       13%        N/A       24%         3
 Sticky Flame             Conj/Fire      16%        2d4       54%         4
 Fireball                 Conj/Fire      8%         3d6       88%         5


Dungeon Overview and Level Annotations

Branches:
Dungeon (2/15)

Altars:


Innate Abilities, Weirdness & Mutations

You cannot wear most types of armour.
You are amphibious.
You can wear up to eight rings at the same time.
Your skin changes colour to match your surroundings (Stealth+).
Your rubbery body absorbs attacks. (AC +1, EV +1)
((You are camouflaged near water. (Stealth+)))
You have tentacles for arms and can constrict up to eight enemies at once.


Message History

Confirm with . or Enter, or press ? or * to list all spells.
You conjure some foxfire!
The foxfire hits the gnoll but does no damage.
The gnoll shouts!
The foxfire hits the gnoll but does no damage.
You hear an angry hiss.
You hear a shout!
Casting: Foxfire (safe; 7% risk of failure)
Confirm with . or Enter, or press ? or * to list all spells.
You conjure some foxfire!
You hear a shout! x2
A gnoll comes into view. It is wielding a +0 whip.
The foxfire hits the gnoll.
The gnoll is lightly wounded.
The foxfire hits the gnoll.
The gnoll is moderately wounded.
A gnoll comes into view. It is wielding a +0 halberd.
A gnoll comes into view. It is wielding a +0 spear.
Casting: Foxfire (safe; 7% risk of failure)
Confirm with . or Enter, or press ? or * to list all spells.
You conjure some foxfire!
An adder comes into view.
The foxfire hits the gnoll.
The gnoll is heavily wounded.
The foxfire hits the gnoll but does no damage.
The gnoll is heavily wounded.
The gnoll misses you.
There is a stone staircase leading up here.
The gnoll hits you with a +0 flail!
Ouch! That really hurt!
You climb upwards.
There is a stone staircase leading down here.
It was a potion of brilliance.
You feel clever all of a sudden. The gnoll barely misses you.
Casting: Foxfire (safe; 7% risk of failure)
Confirm with . or Enter, or press ? or * to list all spells.
You feel a surge of power!
You conjure some foxfire!
The gnoll hits you with a +0 flail!
Ouch! That really hurt!
You die...

## #.............#####.......
###########...## #.###### #....##
#.# #### #############.....# #.#
#... #...............#.###.###.#.
#.###########.#.#.+#'.'#'.## #.#
######.).>###.###.####
##.#####...(v.#..# #.'.+.# #
#..........v@...## ###.######
#..#####.###g#.#######<##...#
#.># #.# #.#.......###..... #..#
#.###>######### ##...# #####..#
#...#.# ##### .......# ###.#.# #
.......#######†#.################
#####.........)..................
#####.#####...)......############


You could see a gnoll (ally target).

Vanquished Creatures
  2 dart slugs
  4 bats (D:1)
  4 endoplasms (D:1)
  2 giant cockroaches (D:1)
  2 goblins (D:1)
  A hobgoblin (D:1)
  A frilled lizard (D:1)
  2 kobolds (D:1)
  3 rats (D:1)
21 creatures vanquished.

Vanquished Creatures (others)
  59 foxfires
59 creatures vanquished.

Grand Total: 80 creatures vanquished

Notes
Turn   | Place    | Note
-------+----------+-------------------------------------------
     0 | D:1      | Conn the Octopode Fire Elementalist began the quest for the
                  | Orb.
     0 | D:1      | Reached XP level 1. HP: 11/11 MP: 3/3
   329 | D:1      | Reached XP level 2. HP: 17/17 MP: 1/5
  1095 | D:1      | Reached XP level 3. HP: 21/21 MP: 6/6
  1129 | D:2      | Learned a level 3 spell: Conjure Flame
  1167 | D:1      | Slain by a gnoll

Illustrated notes

Levels and vault maps discovered:
D:1:      erik_arrival_triangle_small, layout_loops_ring
D:2:      layout_rooms, ebering_ecumenical_altar_petrified, basic_altar,
          uniq_terence

Skill      XL: |  1  2  3 |
---------------+----------+-----
Stealth        | 3 |  3.0
Dodging        | |  2.1
Spellcasting   | |  2.2
Conjurations   | |  1.1
Fire Magic     | |  3.7

Action                   || total
-------------------------++-------
Melee: Unarmed           ||    12
       Constrict         ||     2
 Cast: Foxfire           ||    36
  Use: Potion            ||     1
 Stab: Sleeping          ||     1
Armor: Skin              ||     8
Dodge: Dodged            ||    24

Table legend: (Time is in decaauts)
 A = Elapsed time spent in this place.
 B = Non-inter-level travel time spent in this place.
 C = Inter-level travel time spent in this place.
 D = Time resting spent in this place.
 E = Time spent auto-exploring this place.
 F = Levels seen in this place.
 G = Mean time per level.
                   A        B        C        D        E       F      G
               +--------+--------+--------+--------+--------+-----+--------+
         Total |   1167 |   1161 |      6 |      0 |    924 |   2 |  583.5 |
       Dungeon |   1167 |   1161 |      6 |      0 |    924 |   2 |  583.5 |
               +--------+--------+--------+--------+--------+-----+--------+

Top non-repeatable levels by time:
     D:1: 1125 daAuts
     D:2: 41 daAuts
